Map: New Repugnancy LE

Players

OrangCaramel - Winner!

  • Race: Protoss Protoss
  • League: Master
  • Spawn Location: 7:00

joLin

  • Race: Zerg Zerg
  • League: Diamond
  • Spawn Location: 1:00

VOD

Have the link to the VOD?

Description

Time

  • Played on: March 30, 2019, 3:33 p.m.
  • Length: 16:11
Show
View Real Time Build Order
Export as new Build Order

OrangCaramel Protoss - Winner!

Build Orders: Double Forge, Nexus First, Oracle Opening, Archon Immortal, Carriers 

Get SALT Encoding   

  12  0:00  Probe  
  13  0:13  Probe  
  14  0:20  Pylon  
  14  0:25  Probe  
  15  0:34  Probe  
  15  0:42  Probe  
  17  0:52  Probe  
  18  1:04  Nexus  
  18  1:07  Probe  
  19  1:19  Probe  
  19  1:21  Assimilator  
  20  1:27  Gateway  
  20  1:31  Probe  
  21  1:33  Assimilator  
  21  1:43  Probe  
  21  1:44  Pylon  
  22  1:54  Probe  
  23  2:03  Probe  
  24  2:12  Probe  
  24  2:14  Probe, Cybernetics Core  
  24  2:16  Zealot  
  24  2:22  Probe  
  28  2:24  Probe  
  30  2:31  Probe  
  30  2:36  Probe  
  32  2:43  Probe  
  32  2:44  Warp Gate  
  33  2:48  Probe  
  34  2:53  Pylon  
  34  2:54  Stalker  
  34  2:55  Probe  
  34  2:58  Stargate  
  37  3:00  Probe  
  37  3:07  Probe  
  38  3:13  Probe  
  38  3:17  Gateway  
  38  3:18  Gateway  
  38  3:19  Probe  
  40  3:25  Probe  
  41  3:31  Probe, Assimilator  
  41  3:33  Oracle  
  42  3:34  Pylon, Assimilator  
  42  3:37  Probe  
  43  3:44  Stalker  
  48  3:59  Probe x2  
  50  4:06  Forge  
  50  4:11  Probe x2, Void Ray  
  56  4:18  Forge  
  56  4:20  Twilight Council  
  56  4:23  Probe x2  
  58  4:25  Pylon  
  58  4:28  Pylon  
  58  4:30  Protoss Ground Weapons Level 1  
  58  4:35  Probe x2  
  60  4:47  Probe x2  
  62  4:59  Probe x2  
  64  5:00  Charge  
  64  5:01  Templar Archives  
  64  5:07  Nexus  
  64  5:11  Probe, Pylon  
  64  5:12  Probe  
  64  5:14  Pylon  
  66  5:16  Gateway  
  66  5:18  Gateway  
  66  5:29  Probe x2  
  66  5:30  Gateway x2  
  68  5:37  Pylon  
  68  5:41  Robotics Facility  
  68  5:49  Probe x2  
  70  5:52  Shield Battery  
  70  5:54  Assimilator  
  70  5:58  Psionic Storm, Assimilator  
  70  6:01  Probe x2  
  70  6:02  Zealot  
  70  6:03  High Templar x2  
  78  6:12  Gateway  
  78  6:13  Probe x2  
  78  6:14  Gateway, Protoss Ground Weapons Level 2  
  80  6:20  High Templar x2  
  80  6:22  Probe  
  85  6:25  Probe  
  85  6:26  Probe  
  85  6:31  Observer  
  85  6:32  Zealot x2  
  92  6:34  Probe  
  92  6:37  Photon Cannon  
  93  6:53  Immortal  
  97  6:58  Robotics Facility  
  97  7:00  Pylon  
  97  7:05  Photon Cannon  
  97  7:07  Pylon  
  97  7:10  Photon Cannon  
  97  7:14  Photon Cannon  
  97  7:25  Probe x2  
  97  7:26  High Templar x3  
  97  7:27  High Templar, Zealot x4  
  97  7:28  Zealot  
  117  7:32  Immortal, Archon x2  
  121  7:47  Photon Cannon  
  121  7:51  Pylon  
  121  7:52  Warp Prism  
  121  7:54  Pylon  
  121  7:56  High Templar  
  121  7:57  High Templar x2  
  129  8:12  Immortal  
  133  8:14  Zealot x3  
  133  8:15  Zealot x3  
  145  8:27  Protoss Ground Weapons Level 3  
  145  8:28  Immortal  
  145  8:32  Nexus  
  145  8:33  Pylon  
  139  9:05  Archon  
  139  9:06  Archon  
  129  9:19  Zealot  
  129  9:20  Zealot x3  
  129  9:21  High Templar x3  
  129  9:23  Immortal x2  
  127  9:28  Zealot x2  
  121  9:41  Shield Battery  
  121  9:43  Assimilator  
  119  9:47  Assimilator  
  119  9:48  High Templar  
  119  9:50  Zealot x4  
  119  9:51  Zealot  
  131  10:00  Zealot x3  
  131  10:02  Immortal x2  
  141  10:14  Zealot x5  
  129  10:35  High Templar, Zealot x3  
  133  10:36  High Templar x3  
  133  10:39  Zealot x2  
  133  10:40  Warp Prism  
  133  10:41  Immortal  
  149  10:56  High Templar x2, Protoss Ground Armor Level 1  
  153  10:57  Zealot  
  153  11:01  Protoss Air Weapons Level 1  
  155  11:09  Fleet Beacon  
  151  11:11  Stargate  
  151  11:14  Archon  
  151  11:16  Immortal  
  133  11:20  Immortal  
  121  11:33  Zealot x5  
  121  11:34  Zealot x4  
  137  11:49  Photon Cannon  
  137  11:51  Photon Cannon  
  137  11:56  Immortal x2  
  137  12:32  Carrier x2  
  137  12:33  Observer x2  
  151  12:38  Nexus  
  151  12:51  Protoss Ground Armor Level 2  
  151  12:52  High Templar x4, Protoss Air Weapons Level 2  
  151  12:53  Zealot x4  
  151  12:54  Zealot  
  151  12:56  Archon x2  
  169  13:06  Immortal  
  169  13:11  Immortal  
  171  13:24  Pylon  
  171  13:27  Pylon  
  171  13:31  Pylon  
  171  13:34  Assimilator  
  171  13:36  Probe  
  171  13:38  Assimilator  
  172  13:43  Carrier  
  172  13:45  Carrier  
  174  14:15  Immortal x2  
  163  14:20  Archon  
  157  14:29  Carrier  
  161  14:31  Carrier  
  153  14:41  High Templar x2  
  153  14:42  High Templar x4  
  153  14:43  Zealot x2  
  153  14:44  Zealot  
  163  14:50  Archon  
  163  14:51  Archon x2  
  175  14:55  Photon Cannon  
  175  14:58  Shield Battery, Photon Cannon  
  175  15:02  Shield Battery  
  175  15:06  Observer x2  
  177  15:23  High Templar x2  
  177  15:24  High Templar x2  
Show
View Real Time Build Order
Export as new Build Order

joLin Zerg 

Build Orders: Hatch First, Lurkers, Roach Hydra 

Get SALT Encoding   

  12  0:01  Drone  
  13  0:12  Overlord  
  13  0:17  Drone  
  14  0:32  Drone x2  
  16  0:50  Hatchery  
  16  0:54  Drone  
  16  0:57  Drone  
  17  1:07  Extractor  
  16  1:17  Spawning Pool  
  15  1:19  Drone  
  15  1:20  Drone  
  15  1:24  Drone  
  18  1:34  Drone  
  19  1:48  Overlord  
  19  2:03  Queen  
  19  2:08  Metabolic Boost, Queen  
  21  2:09  Zergling x2  
  21  2:10  Zergling x2  
  21  2:13  Drone  
  26  2:17  Drone  
  26  2:22  Drone  
  28  2:31  Drone  
  28  2:32  Drone  
  30  2:44  Hatchery  
  29  2:51  Queen  
  31  3:06  Overlord  
  31  3:09  Drone x5  
  36  3:29  Overlord, Drone x3  
  36  3:30  Drone  
  36  3:31  Drone x2  
  42  3:38  Drone  
  43  3:43  Drone  
  44  3:52  Drone x4  
  47  4:00  Spore Crawler  
  45  4:10  Spore Crawler  
  45  4:11  Drone x3  
  45  4:12  Drone x4  
  45  4:13  Lair  
  45  4:16  Roach Warren, Queen  
  48  4:39  Spore Crawler  
  48  4:40  Drone  
  48  4:41  Drone x12  
  58  4:47  Extractor  
  58  4:48  Extractor  
  56  5:02  Overlord x2  
  56  5:10  Drone x2  
  58  5:16  Overlord x2  
  58  5:20  Drone x3  
  58  5:21  Drone x5  
  66  5:23  Evolution Chamber  
  66  5:24  Evolution Chamber  
  64  5:33  Drone  
  64  5:34  Drone  
  66  5:36  Drone x2  
  68  5:44  Hatchery  
  68  5:45  Roach x7  
  77  5:52  Zerg Ground Armor Level 1, Zerg Missile Weapons Level 1  
  77  5:57  Overlord x2  
  77  6:03  Drone x5  
  82  6:12  Overlord  
  82  6:18  Extractor  
  81  6:20  Extractor  
  81  6:23  Roach x7  
  81  6:24  Hydralisk Den  
  93  6:34  Spine Crawler  
  93  6:35  Drone x2  
  93  6:36  Drone  
  93  6:38  Extractor, Drone  
  93  6:39  Drone x4  
  96  6:53  Glial Reconstitution  
  94  6:56  Overlord x2  
  94  7:09  Roach x4, Hatchery  
  94  7:10  Overlord x3  
  94  7:13  Muscular Augments  
  94  7:14  Hydralisk  
  94  7:15  Hydralisk x2  
  107  7:21  Lurker Den  
  107  7:22  Drone x4  
  110  7:41  Hydralisk x7  
  124  7:46  Zerg Missile Weapons Level 2  
  124  7:48  Drone  
  124  7:50  Drone x2  
  127  7:51  Drone  
  128  8:17  Infestation Pit  
  127  8:22  Drone x11  
  127  8:24  Overlord x2  
  127  8:25  Grooved Spines  
  138  8:33  Hydralisk x7  
  152  8:40  Hydralisk x3  
  156  8:55  Roach x7, Hydralisk  
  158  9:06  Hydralisk x5  
  129  9:17  Hydralisk x6  
  129  9:23  Roach x3  
  134  9:30  Drone  
  134  9:31  Drone x5  
  125  9:45  Hydralisk x3  
  125  9:46  Zergling x4  
  125  9:47  Zergling x8  
  137  9:56  Queen x2  
  139  10:10  Hydralisk x7  
  143  10:27  Roach x8  
  143  10:28  Roach  
  120  10:44  Lurker x2  
  120  10:46  Roach x8  
  120  10:48  Extractor  
  137  10:50  Extractor  
  137  10:56  Roach x4  
  135  11:12  Roach, Hydralisk  
  135  11:13  Roach x6  
  125  11:19  Hydralisk x3  
  125  11:24  Drone  
  125  11:25  Drone x3  
  117  11:44  Lurker x2  
  117  11:45  Lurker  
  120  11:47  Pneumatized Carapace  
  120  11:55  Hydralisk x7  
  129  12:17  Overseer x2  
  129  12:20  Hydralisk x6  
  141  12:38  Hatchery  
  141  12:41  Hydralisk x3  
  141  12:42  Hydralisk x5  
  156  12:49  Lurker  
  156  12:50  Lurker  
  154  13:14  Hydralisk x3  
  154  13:15  Roach x7  
  154  13:16  Overlord  
  154  13:17  Overlord  
  174  13:35  Overlord x2  
  174  13:37  Hatchery  
  165  13:51  Hydralisk x13  
  111  14:19  Roach x14  
  121  14:25  Queen  
  121  14:37  Hydralisk Den  
  110  14:46  Drone x10  
  110  14:47  Drone x3  
  123  15:01  Lurker x2  
  125  15:17  Spore Crawler  
  125  15:19  Spine Crawler x2, Drone x5  
  128  15:21  Drone x4  
  128  15:23  Hydralisk x3  
  128  15:28  Hydralisk x2  
Tags
 
Add a new tag
Caveats
  • Supply blocks, unpowered buildings, or Contaminate may cause inaccurate times.
  • Supply counts are checked every 10 seconds.